 Dungeon Crawl Stone Soup version 0.27.1-1-g398f81649c (webtiles) character file.

Game seed: 11313875156786667177

32 H0rd4k the Insei (level 3, -1/23 HPs)
             Began as an Octopode Transmuter on Sept 7, 2021.
             Slain by an adder (2 damage)
             ... on level 2 of the Dungeon.
             The game lasted 00:01:00 (1970 turns).

H0rd4k the Insei (Octopode Transmuter)              Turns: 1970, Time: 00:01:01

Health: -1/23      AC:  1    Str:  9    XL:     3   Next: 27%
Magic:  6/6        EV: 13    Int: 16    God:
Gold:   68         SH:  0    Dex: 12    Spells: 2/6 levels left

rFire    . . .     SeeInvis .     - Unarmed
rCold    . . .     Faith    .   (no shield)
rNeg     . . .     Spirit   .   (helmet restricted)
rPois    .         Reflect  .   (no amulet)
rElec    .         Harm     .   (no ring)
rCorr    .         Rampage  .   (no ring)
Will     .....                  (no ring)
Stlth    ++........             (no ring)
HPRegen  0.07/turn              (no ring)
MPRegen  0.10/turn              (no ring)
                                (no ring)
                                (no ring)

@: lethally poisoned (-1 -> -2)
A: almost no armour, amphibious, 8 rings, camouflage 1, gelatinous body 1,
(nimble swimmer 1), tentacles
a: no special abilities


You were on level 2 of the Dungeon.
You visited 1 branch of the dungeon, and saw 2 of its levels.

You collected 68 gold pieces.

Inventory:

Scrolls
 a - a scroll of blinking {unknown}
 b - a scroll of identify {unknown}
 d - a scroll of amnesia {unknown}
 e - a scroll of immolation {unknown}
Potions
 c - a potion of curing {unknown}


   Skills:
 + Level 1.1 Fighting
 + Level 2.2 Dodging
 + Level 3.6 Unarmed Combat
 * Level 2.2 Spellcasting
 * Level 2.4 Transmutations


You had 2 spell levels left.
You knew the following spells:

 Your Spells              Type           Power      Damage    Failure   Level
a - Beastly Appendage     Tmut           18%        N/A       8%          1
b - Spider Form           Tmut/Pois      2%         N/A       36%         3

Your spell library contained the following spells:

 Spells                   Type           Power      Damage    Failure   Level
 Wereblood                Tmut           9%         N/A       11%         2
 Ice Form                 Ice/Tmut       5%         N/A       77%         4


Dungeon Overview and Level Annotations

Branches:
Dungeon (2/15)

Altars:


Innate Abilities, Weirdness & Mutations

You cannot wear most types of armour.
You are amphibious.
You can wear up to eight rings at the same time.
Your skin changes colour to match your surroundings (Stealth+).
Your rubbery body absorbs attacks. (AC +1, EV +1)
((You are camouflaged near water. (Stealth+)))
You have tentacles for arms and can constrict up to eight enemies at once.


Message History

The adder barely misses you.
You miss the adder. You grab the adder. You squeeze the adder.
The adder is lightly wounded.
You constrict the adder.
You feel sick. The adder barely misses you.
You tentacle-slap the adder.
The adder is moderately wounded.
You constrict the adder.
You feel sick.
You are no longer poisoned.
The adder completely misses you.
You barely miss the adder.
The adder is heavily wounded.
You constrict the adder. The adder closely misses you.
You barely miss the adder.
The adder is heavily wounded.
You constrict the adder. The adder bites you but does no damage.
The adder barely misses you.
You completely miss the adder.
The adder is severely wounded.
You constrict the adder.
You kill the adder!
You barely miss the adder. Your grab misses the adder.
Your squeeze misses the adder. The adder bites you but does no damage.
The adder bites you.
* * * LOW HITPOINT WARNING * * *
You are poisoned.
The adder poisons you!
You tentacle-slap the adder. Your grab misses the adder.
You tentacle-slap the adder.
The adder is moderately wounded.
You feel sick. The adder barely misses you.
You tentacle-slap the adder. Your grab misses the adder.
The adder is heavily wounded.
You feel sick. The adder bites you.
* * * LOW HITPOINT WARNING * * *
You barely miss the adder. You grab the adder.
The adder is heavily wounded.
You constrict the adder.
* * * LOW HITPOINT WARNING * * *
You feel sick. The adder bites you.
You die...

#....##.........# #
#....##.........#
#.#....##.........#
#......'..........#
####....##.........#####
........##########......
###########.# #.>....
#......# #.# #......
#......# #@# #......
#......####S#### #......
#..............# #......
#..............# #......
######.........# #......
#.........# #......
#.<.......# #......
#.........# ##......
#.....)...# #.......


You could see an adder.

Vanquished Creatures
  An adder (D:2)
  3 bats
  3 endoplasms
  A goblin (D:1)
  3 hobgoblins
  2 quokkas (D:1)
  3 ball pythons
  A frilled lizard (D:2)
  2 kobolds
  3 rats
22 creatures vanquished.

Notes
Turn   | Place    | Note
-------+----------+-------------------------------------------
     0 | D:1      | H0rd4k the Octopode Transmuter began the quest for the Orb.
     0 | D:1      | Reached XP level 1. HP: 13/13 MP: 3/3
   433 | D:1      | Reached XP level 2. HP: 18/18 MP: 5/5
   816 | D:1      | Found a faded altar of an unknown god.
  1819 | D:2      | Reached XP level 3. HP: 23/23 MP: 6/6
  1823 | D:2      | Learned a level 3 spell: Spider Form
  1970 | D:2      | HP: 1/23 [poisoned by an adder]
  1970 | D:2      | Slain by an adder

Illustrated notes

Levels and vault maps discovered:
D:1:      minmay_arrival_diagonal_passages, layout_loops_corners,
          basic_ecumenical_altar, minmay_misc_feat_diagonals,
          hangedman_feature_mirror, grunt_decor_junction
D:2:      layout_basic

Action                   || total
-------------------------++-------
Melee: Unarmed           ||    70
       Constrict         ||    15
       Tentacles         ||    11
       Punch             ||     2
 Stab: Sleeping          ||     5
       Distracted        ||     1
Armor: Skin              ||    16
Dodge: Dodged            ||    60
